 Dungeon Crawl Stone Soup version 0.18.1-48-g4cf74bf (webtiles) character file.

88 Ratgod the Gusty (level 4, 0/24 HPs)
             Began as a Tengu Air Elementalist on June 29, 2016.
             Killed from afar by a white imp (11 damage)
             ... with a puff of frost
             ... summoned by Natasha
             ... on level 3 of the Dungeon.
             The game lasted 00:06:43 (2201 turns).

Ratgod the Gusty (Tengu Air Elementalist)           Turns: 2201, Time: 00:06:44

Health: 0/24       AC:  2    Str:  8    XL:     4   Next: 53%
Magic:  0/9        EV: 12    Int: 16    God:
Gold:   66         SH:  0    Dex: 15    Spells: 4 memorised, 1 level left

rFire  . . .     SeeInvis .     (no weapon)
rCold  . . .     Gourm    .     a - +0 robe
rNeg   . . .     Faith    .     (no shield)
rPois  .         Spirit   .     (helmet restricted)
rElec  .         Dismiss  .     (no cloak)
rCorr  .         Reflect  .     (no gloves)
SustAt .         Harm     .     (boots unavailable)
MR     .....                    (no amulet)
Stlth  ++........               (no ring)
                                (no ring)

@: very slightly contaminated, slowed, very slow, not resistant to hostile
enchantments, unstealthy
A: beak, talons 3
a: no special abilities


You were on level 3 of the Dungeon.
You were not hungry.

You visited 1 branch of the dungeon, and saw 3 of its levels.

You collected 66 gold pieces.

Inventory:

Armour
 a - a +0 robe (worn)
Scrolls
 d - 2 scrolls of noise {unknown}
 e - 3 scrolls of teleportation {unknown}
 h - 4 scrolls of identify {unknown}
 l - a scroll of random uselessness {unknown}
 n - 2 scrolls of amnesia {unknown}
 o - a scroll of magic mapping {unknown}
Potions
 g - a potion of brilliance {unknown}
 j - 2 potions of flight {unknown}
 m - a potion of heal wounds {unknown}
Books
 b - a book of Air

   Spells                             Type                      Level
   a - Shock                          Conjuration/Air              1
   b - Swiftness                      Charms/Air                   2
   c - Repel Missiles                 Charms/Air                   2
   d - Static Discharge               Conjuration/Air              3
   e - Lightning Bolt                 Conjuration/Air              5
Comestibles
 c - a bread ration
 f - 2 slices of pizza
 i - 2 fruits
 k - 2 chunks of flesh


   Skills:
 - Level 2.1 Dodging
 - Level 2.0 Stealth
 * Level 3.0 Spellcasting
 + Level 2.8 Conjurations
 + Level 1.2 Charms
 + Level 4.7 Air Magic


You had one spell level left.
You knew the following spells:

 Your Spells              Type           Power        Failure   Level  Hunger
a - Shock                 Conj/Air       ##..         4%          1    #......
b - Repel Missiles        Chrm/Air       ##....       10%         2    ##.....
c - Swiftness             Chrm/Air       ##......     10%         2    ##.....
d - Static Discharge      Conj/Air       ##......     12%         3    ###....


Dungeon Overview and Level Annotations

Branches:
Dungeon (3/15)

Altars:
Dithmenos

Annotations:
D:3 Grinder, Natasha


Innate Abilities, Weirdness & Mutations

You have a beak for a mouth.
You have claws for feet.


Message History

Grinder blinks!
Natasha growls.
Natasha stares at you and mumbles some strange words.
You feel yourself slow down.
Natasha mumbles some strange words.
Natasha claws you!
Casting: Shock
Confirm with . or Enter, or press ? or * to list all spells.
You miscast Repel Missiles.
You are very lightly contaminated with residual magic.
Multicoloured lights dance before your eyes!
Natasha claws you.
* * * LOW HITPOINT WARNING * * *
Natasha closely misses you.
Grinder says, "Wait up."
Natasha mumbles some strange words.
Grinder blinks!
The white imp closely misses you. Natasha closely misses you.
The white imp gestures at you. The puff of frost hits you!
You die...

(.....# #.## #.# #.#.##....)
......# #.# ###'#####.#.###...#
......# #.# #.........#.###...#
#...### #.# #.........#.......#
#...# #.# #.........#........
#...#####.#####.........#........
# ...............................
# #.#####.####.....#...#.#...#...
# #..# #.# ##..@...#.#...#.#....
# ##.## #.###.h..#...#.....#...#.
# #..# #.....55..#..#.....#..#..
##.###..ยง...#...###.....###...
#...........#..# .#...#.. ..#
#............###...#.#...#
#...........#... #...#.
#......5...#..... ..#.
##...............


You could see Grinder, Natasha, a white imp and a shadow imp.

Vanquished Creatures
  Natasha (D:3)
  2 adders
  A worm (D:2)
  A dart slug (D:2)
  2 giant geckos (D:2)
  A giant cockroach (D:2)
  6 goblins
  4 hobgoblins
  2 ball pythons
  7 bats
  5 giant newts
  6 kobolds
  3 rats
41 creatures vanquished.

Notes
Turn   | Place    | Note
--------------------------------------------------------------
     0 | D:1      | Ratgod the Tengu Air Elementalist began the quest for the Orb.
     0 | D:1      | Reached XP level 1. HP: 10/10 MP: 4/4
   146 | D:1      | Reached XP level 2. HP: 15/15 MP: 1/6
   430 | D:1      | Learned a level 2 spell: Repel Missiles
   433 | D:1      | Learned a level 2 spell: Swiftness
   877 | D:2      | Found a shadowy altar of Dithmenos.
   884 | D:2      | Reached XP level 3. HP: 19/19 MP: 1/7
  1632 | D:3      | Noticed Natasha
  1635 | D:3      | Killed Natasha
  1635 | D:3      | Reached skill level 1 in Charms
  1635 | D:3      | Reached XP level 4. HP: 24/24 MP: 5/9
  1712 | D:3      | Noticed Grinder
  2142 | D:3      | Learned a level 3 spell: Static Discharge
  2184 | D:3      | Noticed Natasha
  2201 | D:3      | Killed from afar by a white imp

Skill      XL: |  1  2  3  4 |
---------------+-------------+-----
Conjurations   | 2 |  2.8
Charms         | 1 |  1.2
Spellcasting   | 3 |  3.0
Dodging        | |  2.1
Stealth        | |  2.0
Air Magic      | |  4.7

Action                   |  1- 3 |  4- 6 || total
-------------------------+-------+-------++-------
Melee: Unarmed           |     8 |       ||     8
       Kick              |     3 |       ||     3
       Peck              |     1 |       ||     1
 Cast: Shock             |    69 |    33 ||   102
       Swiftness         |       |     1 ||     1
  Eat: Chunk             |     3 |     2 ||     5
Armor: Robe              |    13 |       ||    13
Dodge: Dodged            |    14 |     5 ||    19
